 Dungeon Crawl Stone Soup version 0.31-a0-1001-g770356a28f (webtiles) character file.

Game seed: 7885020087419034521

150432 Colgate the Metamorph (level 16, -1/181 HPs)
             Began as a Troll Shapeshifter on Nov 8, 2023.
             Was a High Priest of Elyvilon.
             Killed from afar by Aizul (31 damage)
             ... with a bolt of poison
             ... on level 2 of the Shoals.
             The game lasted 03:44:12 (43115 turns).

Colgate the Metamorph (Troll Shapeshifter)         Turns: 43115, Time: 03:44:13

Health: -1/181     AC:  7    Str: 46    XL:     16   Next: 98%
Magic:  20/28      EV: 10    Int:  6    God:    Elyvilon [*****.]
Gold:   542        SH: 17    Dex:  9    Spells: 13/15 levels left

rFire   + .          .
                       - Unarmed
rCold   . . .        A - +3 tower shield
rNeg    . . .        (body armour currently unavailable)
rPois   .            R - +2 hat
rElec   .            T - +2 cloak
rCorr   .            (gloves unavailable)
SInv    .            (boots unavailable)
Will    +....        F - amulet of faith
Stlth   +            r - +6 ring of strength
HPRegen 1.30/turn    Q - +6 ring of strength
MPRegen 0.21/turn

%: faith
@: lethally poisoned (-1 -> -14), divinely vigorous, maw-form, wereblooded
(expiring), studying 2 skills
A: devouring maw, large, unfitting armour, claws 3, regeneration 1, shaggy fur
1, tough skin 1, cold resistance 1, frail 1
a: Begin Untransformation, Renounce Religion, Purification, Heal Other, Heal
Self, Divine Vigour


You were on level 2 of the Shoals.
You worshipped Elyvilon.
Elyvilon was extremely pleased with you.
You were a creature with a mouth for a stomach.
You visited 5 branches of the dungeon, and saw 26 of its levels.
You also visited: Ossuary, Bailey and Volcano.

You collected 3054 gold pieces.
You spent 2512 gold pieces at shops.

Inventory:

Missiles
 z - 3 curare-tipped darts
 G - 7 throwing nets {!f}
 X - 12 large rocks (quivered)
Armour
 A - a +3 tower shield (worn)
 R - a +2 hat (worn)
 T - a +2 cloak (worn)
Jewellery
 b - a ring of protection from cold
 m - a ring of protection from fire
 n - a ring of willpower
 r - a +6 ring of strength (left claw)
 y - a ring of positive energy
 E - a ring of positive energy
 F - an amulet of faith (around neck)
 H - a ring of resist corrosion
 M - a ring of protection from fire
 N - a ring of flight
 Q - a +6 ring of strength (right claw)
Talismans
 i - the maw talisman of Zajeezef (active) {rF+ rC- Str+2}
   (You found it on level 5 of the Lair of Beasts)

   [maw talisman]

   Str+2:     It affects your strength (+2).
   rF+:       It protects you from fire.
   rC-:       It makes you vulnerable to cold.
Wands
 a - a wand of mindburst (9)
 l - a wand of light (5) {@v1}
 w - a wand of charming (16)
 J - a wand of flame (7)
 U - a wand of digging (5) {@v3}
 V - a wand of polymorph (2)
Scrolls
 e - a scroll of enchant armour
 g - 4 scrolls of fog
 h - 4 scrolls of immolation
 j - 3 scrolls of noise
 k - 9 scrolls of teleportation {@r3}
 q - 3 scrolls of silence
 s - 3 scrolls of fear
 u - a scroll of vulnerability
 x - 4 scrolls of blinking {@r4}
 B - a scroll of amnesia
 K - 3 scrolls of summoning
 O - 3 scrolls of revelation
 Z - 2 scrolls of poison
Potions
 d - 3 potions of lignification
 f - 2 potions of might {@q3}
 o - a potion of heal wounds {@q2}
 p - 3 potions of attraction
 v - 2 potions of enlightenment
 C - 2 potions of magic
 D - 11 potions of curing {@q1}
 I - 3 potions of cancellation
 L - 2 potions of haste {@q4}
 P - a potion of invisibility
 S - a potion of berserk rage
 W - 8 potions of ambrosia
 Y - 2 potions of mutation
Miscellaneous
 c - a tin of tremorstones (1/2)


   Skills:
 - Level 11.0 Fighting
 - Level 4.1 Throwing
 - Level 6.8 Dodging
 - Level 8.4 Shields
 - Level 15.0 Unarmed Combat
 - Level 6.3 Transmutations
 - Level 11.0 Invocations
 - Level 8.0 Evocations
 + Level 15.4 Shapeshifting


You had 13 spell levels left.
You knew the following spells:

 Your Spells              Type           Power      Damage    Failure   Level
a - Wereblood             Tmut           7%         N/A       12%         2

Your spell library contained the following spells:

 Spells                   Type           Power      Damage    Failure   Level
 Freeze                   Ice            0%         1d3       71%         1
 Poisonous Vapours        Pois/Air       0%         N/A       85%         2
 Sublimation of Blood     Necr           0%         N/A       85%         2
 Petrify                  Tmut/Erth      3%         N/A       96%         4
 Frozen Ramparts          Ice            0%         1d1       97%         3
 Hailstorm                Conj/Ice       0%         3d3       97%         3
 Inner Flame              Hex/Fire       0%         N/A       97%         3
 Mephitic Cloud           Conj/Pois/Air  0%         N/A       97%         3
 Ozocubu's Armour         Ice            0%         N/A       97%         3
 Animate Armour           Summ/Erth      0%         N/A       100%        4
 Passage of Golubria      Tloc           0%         N/A       100%        4
 Summon Lightning Spire   Summ/Air       0%         N/A       100%        4
 Freezing Cloud           Conj/Ice/Air   0%         6-21      100%        5
 Lee's Rapid Deconstruct  Erth           0%         3d4*      100%        5
 Metabolic Englaciation   Hex/Ice        0%         N/A       100%        5
 Silence                  Hex/Air        0%         N/A       100%        5
 Summon Forest            Summ/Tloc      0%         N/A       100%        5
 Yara's Violent Unravell  Hex/Tmut       1%         3d3       100%        5
 Eringya's Noxious Bog    Tmut/Pois      1%         4d6       100%        6
 Enfeeble                 Hex            0%         N/A       100%        7
 Ozocubu's Refrigeration  Ice            0%         4d7       100%        7
 Summon Hydra             Summ           0%         N/A       100%        7
 Lehudib's Crystal Spear  Conj/Erth      0%         10d2      100%        8


Dungeon Overview and Level Annotations

Branches:
Dungeon (15/15)            Temple (1/1) D:7            Lair (5/5) D:11
 Shoals (3/4) Lair:3        Snake (0/4) Lair:2        Slime (0/5) Lair:5
    Orc (2/2) D:12            Elf (0/3) Orc:2        Vaults (0/5) D:13
 Depths (0/4) D:15        Ossuary (visited)          Bailey (visited)
Volcano (visited)

Altars:
Ashenzari
Cheibriados
Dithmenos
Elyvilon
Fedhas
Gozag
Hepliaklqana
Kikubaaqudgha
Makhleb
Nemelex Xobeh
Okawaru
Qazlal
Ru
Sif Muna
Trog
Uskayaw
Vehumet
Wu Jian
Xom
Yredelemnul
Zin
The Shining One
Jiyva

Shops:
D:10 =   D:11 !   Orc:2 =(??   Shoals:2 [=[(*

Portals:
Pandemonium: Orc:2
Trove: D:14 (give 4 scrolls of fear)

Annotations:
D:12 1 runed translucent door
Lair:4 1 runed translucent door, Kabixx's ghost, journeyman DsFE
Shoals:1 3 runed translucent doors
Shoals:2 Aizul
Shoals:3 Roxanne


Innate Abilities, Weirdness & Mutations

You are a creature with a mouth for a stomach.
Your midsection houses a second, enormous mouth.
You are too large for most types of armour.
You have claws for hands.
Your natural rate of healing is unusually fast.
You are covered in fur. (AC +1)
You have tough skin. (AC +1)
Your flesh is cold resistant. (rC+)
You are frail. (-10% HP)


Message History

You are more poisoned.
* * * LOW HITPOINT WARNING * * *
You block Aizul's attack.
You feel purified! Aizul hits you!
* * * LOW HITPOINT WARNING * * *
You feel much better. Aizul barely misses you. Aizul hits you!
* * * LOW HITPOINT WARNING * * *
Press: ? - help, v - describe, . - travel
Here: Aizul (lightly wounded)
The floor.
Unknown command.
Okay, then.
You claw Aizul! Your bite misses Aizul. You block Aizul's attack.
You mangle Aizul!! Your bite misses Aizul. Aizul hits you but does no damage.
You closely miss Aizul. You bite Aizul. Aizul casts a spell at you.
The bolt of poison hits you!!
You are poisoned.
* * * LOW HITPOINT WARNING * * *
You block Aizul's attack.
You feel better. Aizul hits you!
* * * LOW HITPOINT WARNING * * *
You feel much better.
Your primal bloodlust is almost over.
You block Aizul's attack. x2
You feel much better. You block Aizul's attack.
You miss Aizul. Your bite misses Aizul.
Aizul coils herself and waves her upper body at you.
You fall asleep.
Aizul screams, "I'll haunt your nightmares!"
Aizul hits you!!!
You wake up.
* * * LOW HITPOINT WARNING * * *
Aizul hits you! Elyvilon protects you from harm!
You are healed.
You feel your willpower return. Aizul casts a spell at you.
The bolt of poison hits you!!
You are poisoned.
You die...

~≈≈≈≈≈~~~~~~~......).......######
~~≈≈≈~~~~~~................##.©.#
~~≈≈~~~~~~~~...............##...#
~~~~~~~~~~~~~.....~~~~.....##...#
~~~~~÷~....~~..#..~~~~.........~P
~~~~~~..##..~..#.~..~.....~.~~~~~
~~~~~..####......~.........~~~~~~
~~~~~..###...~~)...........~~~~~~
~~~~.>.##......#W..........~~~~~~
.~♣#......~~~~.)S..~~......~~~~~~
."~#...##..~~~~~~~~~~~~~~..~~~~~≈
♣~∩#...###.~~~~~~~~~~~~~~~~~~~~~≈
####<..###~~~~~~~~~~~~~~~~~~~~~~≈
~~~~.....~~~~~~~~~~~~~~~..~~~≈≈≈≈
.~~~.~~~~~~~~~~~≈≈~~~≈~~..~~≈≈≈≈≈
..~~..~~~~~~~~~~~≈≈≈≈≈~~~~~~≈≈≈≈≈
..~~~~.~~~~~~~~~P~≈≈≈≈≈≈≈~~~≈≈≈≈≈


You could see Aizul.

Vanquished Creatures
  Mlioglotl (Shoals:2)
  A kraken (Shoals:2)
  Gastronok (Lair:1)
  Frances (D:13)
  Kirke (D:15)
  Louise (D:15)
  An orc warlord (Orc:2)
  An ettin (Orc:1)
  A fire dragon (D:15)
  Josephine (D:15)
  An entropy weaver (D:13)
  Harold (Lair:2)
  Erolcha (Orc:1)
  2 hydras
  Fannar (Orc:1)
  A vault guard (D:13)
  An ogre mage (D:15)
  A merfolk avatar (Shoals:2)
  3 demonspawn (Orc:2)
  4 centaur warriors
  A catoblepas (Lair:2)
  Erica (Orc:1)
  8 boulder beetles
  An alligator snapping turtle (Shoals:2)
  A hell hog (Volcano)
  A tengu warrior (D:15)
  A vampire mage (D:15)
  10 death yaks
  7 two-headed ogres
  A storm dragon zombie (D:15)
  Nergalle (Lair:3)
  4 sea snakes
  9 skeletal warriors
  3 skysharks
  A lindwurm (Lair:5)
  Pikel (D:5)
  A necromancer (D:15)
  2 oklob plants
  A deep elf zephyrmancer (Bailey)
  8 orc knights
  10 manticores
  9 orc sorcerers
  3 cyclopes
  21 ugly things
  9 fauns (Shoals:2)
  24 elephants
  2 molten gargoyles (Volcano)
  4 water nymphs
  A guardian serpent (shapeshifter) (D:8)
  2 gargoyles
  3 merfolk sirens
  A torpor snail (Lair:5)
  3 black mambas (Lair:4)
  A smoke demon (Orc:2)
  6 cane toads
  10 komodo dragons
  A tengu conjurer (D:15)
  A yaktaur (D:15)
  3 rime drakes
  9 merfolk
  A red devil (Orc:2)
  A queen bee (Lair:1)
  Prince Ribbit (D:5)
  4 polar bears
  18 blink frogs
  10 trolls
  4 wind drakes
  5 hornets
  14 dream sheep
  6 slime creatures
  4 snapping turtles
  2 spriggan skeletons (D:15)
  48 yaks
  11 spriggans
  4 water elementals
  4 basilisks
  2 vampires
  5 wyverns
  10 wraiths
  4 fire bats (Volcano)
  2 hogs (D:15)
  A chaos spawn (Orc:2)
  4 steam dragons
  8 vampire mosquitoes
  A neqoxec (Orc:2)
  Edmund (D:6)
  2 wargs (Orc:2)
  3 nagas (Lair:2)
  An acid dragon (D:11)
  14 water moccasins
  Duvessa (D:6)
  2 hell hounds (Volcano)
  2 ice beasts
  6 black bears
  56 orc warriors
  3 boggarts (Lair:5)
  11 ogres
  24 wolves
  14 centaurs
  A phantom (D:5)
  2 elf zombies (Ossuary)
  5 kobold brigands
  11 bullfrogs
  4 gnoll sergeants
  5 scorpions
  A scorpion (shapeshifter) (D:14)
  8 wights
  Dowan (D:6)
  31 killer bees
  4 electric eels
  6 howler monkeys
  A quasit (D:8)
  6 lava snakes (Volcano)
  A human zombie (Ossuary)
  Crazy Yiuf (D:4)
  25 orc priests
  9 hounds
  9 jellies
  An iguana (D:4)
  2 sleepcaps
  A gnoll bouda (D:10)
  27 orc wizards
  2 mummies (Ossuary)
  6 adders
  18 gnolls
  A shadow imp (D:5)
  2 ufetubi (D:6)
  An adder zombie (Ossuary)
  2 worms
  2 dart slugs
  141 orcs
  6 ball pythons
  3 bats
  9 endoplasms
  4 giant cockroaches
  7 hobgoblins
  3 quokkas
  9 goblins
  2 goblin zombies (Ossuary)
  17 hobgoblin zombies
  3 jackal zombies (Ossuary)
  20 kobolds
  2 kobold skeletons (D:8)
  9 kobold zombies
  2 orc skeletons (D:8)
  8 orc zombies
  3 rats
  A tentacle (Shoals:2)
971 creatures vanquished.

Vanquished Creatures (collateral kills)
  2 orc warriors (Bailey)
  3 orcs (Bailey)
5 creatures vanquished.

Vanquished Creatures (others)
  2 ugly things
  An orc knight (Orc:2)
  An orc sorcerer (Orc:2)
  Maggie (D:6)
  A tengu conjurer (D:14)
  A hornet (Lair:5)
  4 spriggans (Lair:5)
  A human (D:15)
  A water moccasin (Lair:5)
  An orc warrior (Orc:2)
  A wolf (D:11)
  An adder (D:6)
  15 tentacles (Shoals:2)
31 creatures vanquished.

Grand Total: 1007 creatures vanquished

Notes
Turn   | Place    | Note
-------+----------+-------------------------------------------
     0 | D:1      | Colgate the Troll Shapeshifter began the quest for the Orb.
     0 | D:1      | Reached XP level 1. HP: 18/18 MP: 0/0
   105 | D:1      | Reached XP level 2. HP: 26/26 MP: 1/1
   922 | D:2      | Reached XP level 3. HP: 32/32 MP: 2/2
  1393 | D:3      | Found a white marble altar of Elyvilon.
  1428 | D:3      | Became a worshipper of Elyvilon the Healer
  1551 | D:3      | Found a broken altar of Ashenzari.
  1627 | D:3      | Reached XP level 4. HP: 39/40 MP: 3/3
  1705 | D:3      | Reached skill level 5 in Unarmed Combat
  1763 | D:3      | Reached * piety under Elyvilon
  1958 | D:4      | Reached skill level 1 in Fighting
  2073 | D:4      | Reached XP level 5. HP: 47/49 MP: 4/4
  2087 | D:4      | Found a runed translucent door.
  2088 | D:4      | Noticed Crazy Yiuf
  2383 | D:4      | Reached XP level 6. HP: 61/61 MP: 5/5
  2602 | D:5      | Entered Level 5 of the Dungeon
  2604 | D:5      | Identified 2 scrolls of acquirement
  2604 | D:5      | Acquired the +0 kite shield "Bynleaw" {rPois rCorr}
  2762 | D:5      | Noticed a steam dragon
  2772 | D:5      | Killed a steam dragon
  2773 | D:5      | Reached XP level 7. HP: 36/67 MP: 6/6
  2878 | D:5      | Noticed Pikel
  2890 | D:5      | Killed Pikel
  2891 | D:5      | Reached skill level 10 in Unarmed Combat
  2891 | D:5      | Reached XP level 8. HP: 75/75 MP: 7/7
  2898 | D:5      | Reached skill level 1 in Shields
  2946 | D:5      | Reached ** piety under Elyvilon
  2968 | D:5      | Found a sand-covered staircase.
  2975 | Ossuary  | Entered an ossuary
  3583 | D:5      | Noticed Prince Ribbit
  3596 | D:5      | Killed Prince Ribbit
  3597 | D:5      | Reached XP level 9. HP: 75/87 MP: 5/8
  3747 | D:6      | Reached skill level 5 in Fighting
  3764 | D:6      | Noticed a troll
  3770 | D:6      | Killed a troll
  3812 | D:6      | Noticed Duvessa
  3823 | D:6      | Killed Duvessa
  3845 | D:6      | Noticed Dowan
  3862 | D:6      | Killed Dowan
  3912 | D:6      | Identified the +2 hand axe "Beast's Funeral" {freeze, Str+3
                  | Int+4}
  3977 | D:6      | Noticed Maggie
  4115 | D:6      | Noticed Edmund
  4126 | D:6      | Killed Edmund
  4127 | D:6      | Reached skill level 1 in Evocations
  4212 | D:6      | Reached *** piety under Elyvilon
  4246 | D:6      | Killed Maggie
  4914 | D:7      | Found a staircase to the Ecumenical Temple.
  4947 | Temple   | Entered the Ecumenical Temple
  5228 | D:7      | Reached XP level 10. HP: 92/100 MP: 12/12
  5595 | D:7      | Found a hazy altar of Hepliaklqana.
  5647 | D:7      | Found a sacrificial altar of Ru.
  5650 | D:7      | Found a bloodstained altar of Trog.
  5682 | D:7      | Reached **** piety under Elyvilon
  6108 | D:4      | Killed Crazy Yiuf
  6109 | D:4      | Reached skill level 5 in Shields
  6395 | D:8      | Found a runed translucent door.
  6583 | D:8      | Found a shimmering blue altar of Sif Muna.
  6786 | D:8      | Reached skill level 5 in Invocations
  7086 | D:8      | Found a runed translucent door.
  7146 | D:8      | Found a glowing golden altar of the Shining One.
  7525 | D:8      | Noticed a guardian serpent
  7533 | D:8      | Killed a guardian serpent
  7885 | D:8      | Noticed a white ugly thing
  7899 | D:8      | Pacified a white ugly thing
  7900 | D:8      | Reached XP level 11. HP: 63/110 MP: 8/15
  8037 | D:9      | Found a flagged portal.
  8086 | Bailey   | Entered a bailey
  8489 | Bailey   | Found a large runed translucent door.
  8489 | Bailey   | Found a large runed translucent door.
  8495 | Bailey   | Noticed a deep elf zephyrmancer
  8508 | Bailey   | Noticed an orc knight
  8553 | Bailey   | Killed a deep elf zephyrmancer
  8577 | Bailey   | Killed an orc knight
  8631 | Bailey   | Identified the +8 chain mail of Ennui {Int+2}
  8701 | Bailey   | Gained mutation: Your flesh is cold resistant. (rC+)
                  | [potion of mutation]
  8853 | D:9      | Reached ***** piety under Elyvilon
  9394 | D:9      | Reached skill level 5 in Dodging
  9505 | D:9      | Found an ornate altar of the Wu Jian Council.
  9836 | D:10     | Entered Level 10 of the Dungeon
  9907 | D:10     | Found Xeolal's Jewellery Emporium.
  9914 | D:10     | Noticed a two-headed ogre
  9925 | D:10     | Killed a two-headed ogre
  9965 | D:10     | Bought a +6 ring of strength for 396 gold pieces
 10109 | D:10     | Noticed a white ugly thing
 10110 | D:10     | Pacified a white ugly thing
 10208 | D:10     | Identified the +10 whip "Jeerycsa" {drain, rCorr Str+6
                  | Dex-3}
 10268 | D:10     | Found a shadowy altar of Dithmenos.
 10725 | D:10     | Noticed an orc knight
 10741 | D:10     | Killed an orc knight
 11005 | D:10     | Found a glowing silver altar of Zin.
 11006 | D:10     | Found an opulent altar of Gozag.
 11098 | D:11     | Found Jytal's Distillery.
 11169 | D:11     | Noticed a two-headed ogre
 11294 | D:11     | Noticed a cyan ugly thing
 11299 | D:11     | Pacified a cyan ugly thing
 11349 | D:11     | Killed a cyan ugly thing
 11580 | D:11     | Reached XP level 12. HP: 117/123 MP: 16/16
 11788 | D:11     | Found a staircase to the Lair.
 12023 | D:11     | Killed a two-headed ogre
 12048 | D:11     | Reached ****** piety under Elyvilon
 12757 | D:12     | Found the +2 pair of slick slippers {slick, slippery, EV+4}
 12758 | D:12     | Noticed an anaconda
 12758 | D:12     | Noticed an anaconda
 12760 | D:12     | Noticed an anaconda
 12760 | D:12     | Noticed an anaconda
 12777 | D:12     | Found a staircase to the Orcish Mines.
 12951 | D:12     | Noticed a two-headed ogre
 12977 | D:12     | Killed a two-headed ogre
 13067 | D:12     | Found a runed translucent door.
 13653 | D:12     | Identified the +8 quarterstaff of Destiny {holy, rPois rF+
                  | Str+5}
 13932 | D:10     | Bought a +6 ring of strength for 396 gold pieces
 14003 | Lair:1   | Entered Level 1 of the Lair of Beasts
 14437 | Lair:1   | Noticed Gastronok
 14495 | Lair:1   | Reached skill level 10 in Invocations
 15050 | Lair:1   | Killed Gastronok
 15165 | Lair:2   | Reached skill level 5 in Shapeshifting
 15554 | Lair:2   | Reached XP level 13. HP: 106/131 MP: 19/19
 15951 | Lair:2   | Found a staircase to the Snake Pit.
 16036 | Lair:2   | Noticed Harold
 16048 | Lair:2   | Killed Harold
 17165 | Lair:3   | Found a dark tunnel.
 17200 | Volcano  | Entered a volcano
 18050 | Volcano  | Found a bloodstained altar of Trog.
 18184 | Volcano  | Noticed a fire dragon
 18185 | Volcano  | Pacified a fire dragon
 18762 | Lair:3   | Reached skill level 10 in Shapeshifting
 18885 | Lair:3   | Noticed Nessos
 18888 | Lair:3   | Pacified Nessos
 18985 | Lair:3   | Noticed Nergalle
 19079 | Lair:3   | Killed Nergalle
 19166 | Lair:3   | Reached skill level 10 in Fighting
 19466 | Lair:3   | Found a radiant altar of Vehumet.
 19517 | Lair:3   | Reached XP level 14. HP: 138/144 MP: 20/20
 19849 | Lair:3   | Found a staircase to the Shoals.
 21856 | Lair:3   | Found a staircase to the Shoals.
 22250 | Lair:3   | Found a radiant altar of Vehumet.
 23111 | Lair:3   | Found a radiant altar of Vehumet.
 23251 | Lair:3   | Found a staircase to the Shoals.
 24043 | Lair:4   | Found a runed translucent door.
 24046 | Lair:4   | Noticed Kabixx's ghost (journeyman DsFE)
 24174 | Lair:4   | Reached skill level 5 in Evocations
 25320 | Lair:5   | Entered Level 5 of the Lair of Beasts
 28334 | Lair:5   | Identified the maw talisman of Zajeezef {rF+ rC- Str+2}
 28574 | Lair:5   | Reached XP level 15. HP: 153/153 MP: 22/22
 28969 | Lair:5   | Found a staircase to the Slime Pits.
 28970 | Lair:5   | Found a viscous altar of Jiyva.
 29779 | Orc:1    | Entered Level 1 of the Orcish Mines
 29931 | Orc:1    | Noticed Erica
 29942 | Orc:1    | Killed Erica
 30072 | Orc:1    | Noticed Erolcha
 30105 | Orc:1    | Elyvilon protects you from harm!
 31042 | Orc:2    | Entered Level 2 of the Orcish Mines
 31042 | Orc:2    | Found a staircase to the Elven Halls.
 32721 | Orc:2    | Gained mutation: You are frail. (-10% HP) [a neqoxec]
 33063 | Orc:2    | Found Pacvor's Magic Scroll Emporium.
 33066 | Orc:2    | Found Majoasor's Magic Scroll Shoppe.
 33161 | Orc:2    | Reached skill level 15 in Unarmed Combat
 33161 | Orc:2    | Acquired a manual of Transmutations
 33171 | Orc:2    | Bought a scroll of acquirement for 832 gold pieces
 33257 | Orc:2    | Reached skill level 1 in Transmutations
 33264 | Orc:2    | Learned a level 2 spell: Wereblood
 33456 | Orc:2    | Paralysed by an orc sorcerer for 2 turns
 34340 | Orc:2    | Reached skill level 5 in Transmutations
 34501 | Orc:2    | Found Haashrem's Antique Weapon Shop.
 34501 | Orc:2    | Found Lunuxum's Jewellery Boutique.
 34502 | Orc:2    | Found a one-way gate leading to the halls of Pandemonium.
 34696 | Orc:1    | Killed Erolcha
 34776 | Orc:1    | Noticed Fannar
 34792 | Orc:1    | Killed Fannar
 35049 | D:13     | Found a gate to the Vaults.
 35241 | D:13     | Identified the +1 ring mail of a bazaar {rF+}
 35385 | D:13     | Noticed Frances
 35448 | D:13     | Killed Frances
 36233 | D:14     | HP: 5/137 [manticore/volley of spikes (7)]
 36363 | D:14     | Found a portal to a secret trove of treasure.
 36806 | D:14     | Reached XP level 16. HP: 119/145 MP: 23/23
 37652 | D:14     | Reached skill level 1 in Throwing
 37717 | D:14     | Found a portal to a secret trove of treasure.
 37983 | D:15     | Entered Level 15 of the Dungeon
 38178 | D:15     | Noticed Josephine
 38192 | D:15     | Killed Josephine
 38336 | D:15     | Noticed Louise
 38350 | D:15     | Killed Louise
 38689 | D:15     | Found a shadowy altar of Dithmenos.
 38711 | D:15     | Noticed Kirke
 38782 | D:15     | Killed Kirke
 38783 | D:15     | Acquired a manual of Shapeshifting
 39130 | D:15     | Found a staircase to the Depths.
 39265 | D:15     | Found an iron altar of Okawaru.
 39842 | D:15     | Identified the +3 leather armour of Qeharaiq {rPois rC+
                  | Int-4 Slay+3}
 40013 | D:15     | Found a shadowy altar of Dithmenos.
 40156 | D:15     | Found a staircase to the Depths.
 40199 | D:15     | Found an iron altar of Okawaru.
 40579 | Orc:2    | Bought 2 scrolls of enchant armour for 240 gold pieces
 40584 | Orc:2    | Bought a scroll of identify for 24 gold pieces
 40584 | Orc:2    | Bought a scroll of identify for 24 gold pieces
 40584 | Orc:2    | Bought a scroll of identify for 24 gold pieces
 40589 | Orc:2    | Bought a scroll of identify for 32 gold pieces
 40589 | Orc:2    | Bought a scroll of identify for 32 gold pieces
 40591 | Orc:2    | Acquired 483 gold pieces
 40767 | Shoals:1 | Entered Level 1 of the Shoals
 41229 | Shoals:1 | Found a runed translucent gate.
 41229 | Shoals:1 | Found a runed translucent gate.
 41229 | Shoals:1 | Found a runed translucent gate.
 42135 | Shoals:2 | Noticed Mlioglotl
 42135 | Shoals:2 | Found Ziybec's Weapon Boutique.
 42146 | Shoals:2 | Killed Mlioglotl
 42386 | Shoals:2 | Noticed a kraken
 42421 | Shoals:2 | Killed a kraken
 42541 | Shoals:2 | Found Isivadoh's Armour Emporium.
 42573 | Shoals:2 | Reached skill level 15 in Shapeshifting
 42663 | Shoals:2 | Found Fyalivu's Jewellery Shoppe.
 42681 | Shoals:2 | Bought a ring of willpower for 400 gold pieces
 42701 | Shoals:2 | Found a transporter.
 42701 | Shoals:2 | Found Kemuk's Armour Shoppe.
 42707 | Shoals:2 | Found Wofak's General Store.
 42763 | Shoals:2 | Bought a scroll of blinking for 112 gold pieces
 42793 | Shoals:2 | Found a transporter.
 43089 | Shoals:3 | Noticed Roxanne
 43089 | Shoals:3 | Identified the serpent talisman of Refuge {rPois rF+ Dex+3}
 43089 | Shoals:3 | Noticed Aizul
 43109 | Shoals:2 | HP: 8/181 [Aizul/bolt of poison (27)]
 43114 | Shoals:2 | HP: 6/181 [Aizul (57)]
 43114 | Shoals:2 | Elyvilon protects you from harm!
 43115 | Shoals:2 | Killed from afar by Aizul

Illustrated notes

Levels and vault maps discovered:
D:1:      nagdon_arrival_double_spiral, layout_loops_ring,
          minmay_misc_feat_enclosed, minmay_nonomino_d4
D:2:      layout_rooms
D:3:      layout_loops_ring, mainiacjoe_overflow_small_starburst,
          elyvilon_altar_1
D:4:      layout_rooms, uniq_crazy_yiuf_cottage
D:5:      layout_loops_ring, chequers_ossuary_entry_cave, uniq_pikel,
          uniq_prince_ribbit1
D:6:      layout_loops_ring, minmay_door_square, uniq_duvessa, uniq_maggie,
          uniq_edmund
D:7:      layout_loops_corners, nicolae_hepliaklqana_hippocampus,
          grunt_temple_overflow_open, temple_pool_b
D:8:      cheibrodos_histonic, layout_basic, kennysheep_orc_sif_temple,
          nicolae_tso_besieged_by_evil
D:9:      layout_layer_cave, nzn_wu_jian_council_hall, enter_bailey_3
D:10:     layout_rooms, grunt_temple_overflow_gold_and_silver,
          kennysheep_little_box, minmay_misc_feat_doors, minmay_statues_item,
          serial_bayou_ford_a, wad_floor_pattern_1,
          minmay_shop_enchanted_jewellery, minmay_misc_feat_iff,
          lightli_church_of_beogh
D:11:     layout_irregular_city, erik_lair_island, serial_shops,
          nicolae_stop_n_shop_1, kennysheep_generic_room_5
D:12:     layout_rooms, david_orc_5, nicolae_guarded_unrand_slippers
D:13:     layout_gridville, hellmonk_vaults_order_and_chaos, uniq_frances
D:14:     layout_cave_pools, enter_trove_0, serial_bayou_pond_b
D:15:     gammafunk_depths_entry_grave, layout_irregular_city, okawaru_trees_2,
          grunt_dithmenos_smoke, uniq_kirke, uniq_josephine, uniq_louise
Temple:   chequers_temple_sunken
Lair:1:   layout_cave_shapes, special_room [special_room_bee],
          nicolae_lair_lindhole, uniq_gastronok
Lair:2:   layout_regular_city, guppyfry_snake_entry_garden, st_stairs_5,
          uniq_harold
Lair:3:   layout_layer_cave, minmay_shoals_entry_lonely_mermaid,
          enter_volcano_2, lemuel_oklob_altar, infiniplex_staircase_pool,
          uniq_nessos, uniq_nergalle
Lair:4:   beast_lair_carwin_large_3, layout_small_grid,
          ebering_ghost_inner_flame, chequers_serial_rivers_large_a
Lair:5:   minmay_lair_end_enchanted_forest, layout_cellular_growth,
          nicolae_slime_entry_slimehenge, minivault_11, minmay_hedge_maze
Shoals:1: layout_shoals, nicolae_shoals_beach_cooler
Shoals:2: layout_shoals, serial_shops, shop, shop_statue,
          nicolae_shop_pleasant_corner_grove, nicolae_shop_drivethru,
          nicolae_shop_stone, uniq_mlioglotl
Shoals:3: layout_shoals, uniq_polyphemus, uniq_roxanne, uniq_aizul
Orc:1:    layout_caves, special_room [special_room_orc], uniq_fannar,
          uniq_erica, uniq_erolcha
Orc:2:    pf_orc_diabolical, layout_caves

Skill      XL: |  1  2  3  4  5  6  7  8  9 10 11 12 13 14 15 16 |
---------------+-------------------------------------------------+-----
Unarmed Combat | 4 5 7 10 11 13 15 | 15.0
Fighting       | 2 3 4 6 7 9 10 11 | 11.0
Shields        | 3 4 5 8 |  8.4
Invocations    | 4 7 10 11 | 11.0
Evocations     | 1 2 5 6 8 |  8.0
Dodging        | 3 5 6 |  6.8
Shapeshifting  | 5 10 15 | 15.4
Transmutations | 6 |  6.3
Throwing       | 4 |  4.1

Action                     |  1- 3 |  4- 6 |  7- 9 | 10-12 | 13-15 | 16-18 || total
---------------------------+-------+-------+-------+-------+-------+-------++-------
  Melee: Unarmed           |    88 |    79 |   270 |   839 |  1074 |   331 ||  2681
         Punch             |     1 |     1 |       |       |       |       ||     2
         Maw               |       |       |       |       |   272 |   105 ||   377
  Throw: Large rock        |       |       |       |       |     1 |    41 ||    42
         Dart              |       |       |       |       |     1 |       ||     1
   Cast: Wereblood         |       |       |       |       |     2 |    13 ||    15
 Invoke: Purification      |       |       |     2 |       |     1 |     2 ||     5
         Heal Other        |       |       |       |    10 |    25 |     9 ||    44
         Heal Self         |       |       |       |     6 |    10 |     3 ||    19
         Divine Vigour     |       |       |       |       |     6 |     2 ||     8
Ability: Begin Untransform |       |       |       |       |     1 |       ||     1
  Evoke: Wand              |       |       |     8 |    28 |    11 |    18 ||    65
         Tin of tremorston |       |       |       |       |     1 |     3 ||     4
    Use: Scroll            |     2 |     7 |       |     9 |     9 |    12 ||    39
         Potion            |       |       |     4 |     3 |     5 |     5 ||    17
   Stab: Distracted        |     1 |       |       |     2 |       |       ||     3
         Sleeping          |     1 |       |       |       |     1 |       ||     2
         Invisible         |       |       |       |     2 |     3 |     1 ||     6
 Armour: Animal skin       |    39 |    60 |    50 |       |       |       ||   149
         Steam dragon scal |       |       |    40 |   328 |       |       ||   368
         Robe              |       |       |    38 |       |       |       ||    38
         Troll leather arm |       |       |       |   193 |   164 |       ||   357
         Skin              |       |       |       |     5 |   587 |   226 ||   818
  Dodge: Dodged            |    33 |    28 |    69 |   251 |   353 |    68 ||   802
  Block: Kite shield       |       |     7 |    56 |   347 |   369 |    33 ||   812
         Tower shield      |       |       |       |       |       |   154 ||   154
   Form: Maw               |       |       |       |       |     3 |       ||     3
         Flux              |       |       |       |       |     1 |       ||     1

Table legend: (Time is in decaauts)
 A = Elapsed time spent in this place.
 B = Non-inter-level travel time spent in this place.
 C = Inter-level travel time spent in this place.
 D = Time resting spent in this place.
 E = Time spent auto-exploring this place.
 F = Levels seen in this place.
 G = Mean time per level.
                   A        B        C        D        E       F      G
               +--------+--------+--------+--------+--------+-----+--------+
         Total |  42886 |  40668 |   2218 |  11933 |  20453 |  29 | 1478.8 |
       Dungeon |  19023 |  17706 |   1317 |   3313 |  10654 |  15 | 1268.2 |
        Temple |      3 |      3 |      0 |      0 |      0 |   1 |    3.0 |
          Lair |  14789 |  14155 |    634 |   5262 |   6349 |   5 | 2957.8 |
        Shoals |   2208 |   2095 |    113 |    475 |   1091 |   3 |  736.0 |
  Orcish Mines |   4790 |   4637 |    153 |   2569 |   1196 |   2 | 2395.0 |
       Ossuary |    352 |    352 |      0 |      0 |    118 |   1 |  352.0 |
        Bailey |    665 |    665 |      0 |    312 |    147 |   1 |  665.0 |
       Volcano |   1052 |   1052 |      0 |      0 |    898 |   1 | 1052.0 |
               +--------+--------+--------+--------+--------+-----+--------+

Top non-repeatable levels by time:
  Lair:3: 4686 daAuts
  Lair:5: 3777 daAuts
   Orc:2: 3666 daAuts
  Lair:4: 2993 daAuts
    D:15: 2372 daAuts
    D:11: 2042 daAuts
  Lair:2: 1977 daAuts
    D:14: 1838 daAuts
     D:8: 1655 daAuts
  Lair:1: 1354 daAuts
    D:13: 1352 daAuts
    D:10: 1338 daAuts
     D:7: 1312 daAuts
    D:12: 1276 daAuts
Shoals:2: 1193 daAuts
